 Dungeon Crawl Stone Soup version 0.31-a0-1-g4198be8af4 (webtiles) character file.

Game seed: 11649100515043656568

1550 BubbleThief the Frost Mage (level 8, -22/60 HPs)
             Began as a Barachi Ice Elementalist on May 1, 2023.
             Was an Initiate of Vehumet.
             Annihilated by a large slime creature (32 damage)
             ... on level 6 of the Dungeon.
             The game lasted 00:08:37 (5313 turns).

BubbleThief the Frost Mage (BaIE)                   Turns: 5313, Time: 00:08:38

Health: -22/60     AC: 17    Str:  9    XL:     8   Next: 88%
Magic:  6/17       EV: 13    Int: 30    God:    Vehumet [......]
Gold:   363        SH:  0    Dex: 13    Spells: 9/20 levels left

rFire   . . .        u - +1 short sword (freeze)
rCold   . . .        (no shield)
rNeg    . . .        a - +0 robe
rPois   .            r - +0 helmet
rElec   .            y - +2 cloak
rCorr   .            h - +0 pair of gloves
SInv    .            (no boots)
Will    .....        (no amulet)
Stlth   ++           k - +6 ring of intelligence
HPRegen 0.30/turn    v - +6 ring of intelligence
MPRegen 0.15/turn

%: no passive effects
@: ice-armoured, freezing walls, slow
A: amphibious, slowness 1, strong legs 1, +LOS
a: Hop, Renounce Religion


You were on level 6 of the Dungeon.
You worshipped Vehumet.
Vehumet was noncommittal.
You visited 2 branches of the dungeon, and saw 8 of its levels.

You collected 363 gold pieces.

Inventory:

Hand Weapons
 u - a +1 short sword of freezing (weapon)
Missiles
 x - 2 throwing nets
Armour
 a - a +0 robe (worn)
 h - a +0 pair of gloves (worn)
 r - a +0 helmet (worn)
 y - a +2 cloak (worn)
Jewellery
 i - a ring of wizardry
 k - a +6 ring of intelligence (left hand)
 l - a ring of resist corrosion
 v - a +6 ring of intelligence (right hand)
 D - a ring of protection from fire
Wands
 E - a wand of roots (8)
Scrolls
 c - a scroll of magic mapping {unknown}
 d - a scroll of fear {unknown}
 f - 5 scrolls of identify {unknown}
 g - 3 scrolls of noise {unknown}
 j - a scroll of enchant weapon {unknown}
 m - a scroll of fog {unknown}
 n - 4 scrolls of teleportation {unknown}
 p - a scroll of brand weapon {unknown}
 s - a scroll of immolation {unknown}
 t - a scroll of blinking {unknown}
Potions
 b - a potion of magic
 e - a potion of brilliance {unknown}
 o - a potion of ambrosia {unknown}
 q - 2 potions of curing {unknown}
 w - a potion of degeneration {unknown}
 z - 2 potions of mutation {unknown}
 A - 2 potions of attraction {unknown}
 B - 2 potions of might {unknown}
 C - a potion of haste {unknown}
 F - a potion of heal wounds {unknown}


   Skills:
 + Level 3.9 Fighting
 + Level 4.4 Dodging
 - Level 1.7 Stealth
 + Level 6.5 Spellcasting
 - Level 10.0 Ice Magic


You had 9 spell levels left.
You knew the following spells:

 Your Spells              Type           Power      Damage    Failure   Level
a - Freeze                Ice            100%       1d10      1%          1
b - Frozen Ramparts       Ice            100%       1d16      1%          3
c - Ozocubu's Armour      Ice            63%        N/A       1%          3
d - Summon Ice Beast      Ice/Summ       39%        N/A       6%          4

Your spell library contained the following spells:

 Spells                   Type           Power      Damage    Failure   Level
 Ensorcelled Hibernation  Hex/Ice        78%        N/A       1%          2
 Beastly Appendage        Tmut           18%        N/A       4%          1
 Foxfire                  Conj/Fire      36%        2x1d5     4%          1
 Passwall                 Tmut/Erth      7%         N/A       8%          2
 Scorch                   Fire           18%        2d5       8%          2
 Sublimation of Blood     Necr           9%         N/A       8%          2
 Wereblood                Tmut           9%         N/A       8%          2
 Inner Flame              Hex/Fire       9%         N/A       16%         3
 Spider Form              Tmut/Pois      9%         N/A       16%         3
 Swiftness                Air            9%         N/A       16%         3
 Flame Wave               Conj/Fire      9%         2d6       45%         4
 Petrify                  Tmut/Erth      9%         N/A       45%         4
 Sticky Flame             Conj/Fire      9%         2d3       45%         4
 Irradiate                Conj/Tmut      4%         3d13      80%         5
 Starburst                Conj/Fire      4%         6d4       100%        6


Dungeon Overview and Level Annotations

Branches:
Dungeon (7/15)             Temple (1/1) D:6

Altars:
Ashenzari
Elyvilon
Fedhas
Hepliaklqana
Kikubaaqudgha
Okawaru
Sif Muna
Trog
Uskayaw
Vehumet
Yredelemnul
The Shining One


Innate Abilities, Weirdness & Mutations

You are amphibious.
You cover ground slowly.
You can hop short distances.
You have an extended range of vision and can be seen from far away.


Message History

The wall freezes the large slime creature!
The large slime creature hits you!
Unknown command.
You hit the large slime creature. You freeze the large slime creature.
The large slime creature is moderately wounded.
The wall freezes the endoplasm.
The wall freezes the large slime creature!
The large slime creature hits you but does no damage.
You hit the large slime creature. You freeze the large slime creature.
The large slime creature is moderately wounded.
The wall freezes the endoplasm.
You kill the endoplasm!
Vehumet accepts your kill.
The wall freezes the large slime creature!
The large slime creature misses you.
You hit the large slime creature. You freeze the large slime creature.
The large slime creature is heavily wounded.
The wall freezes the large slime creature!
The large slime creature barely misses you.
The wall freezes the jelly!
You hit the large slime creature. You freeze the large slime creature.
The large slime creature is heavily wounded.
The wall freezes the large slime creature!
The large slime creature hits you!!
Ouch! That really hurt!
* * * LOW HITPOINT WARNING * * *
Unknown command.
You hit the large slime creature. You freeze the large slime creature.
The large slime creature is severely wounded.
The wall freezes the large slime creature!
The large slime creature misses you.
The wall freezes the jelly!
You kill the jelly!
Vehumet accepts your kill.
Unknown command.
You hit the large slime creature. You freeze the large slime creature.
The large slime creature is severely wounded.
The wall freezes the large slime creature!
The large slime creature hits you!!
Ouch! That really hurt!
You die...

..#.########.#######.#######
#.
#.#........................#
#.
#.#..#######.........#####.#
#. #.#..# ########### #.### #.
#.#..# #.#.. .. #.#>.#
########.#.# ## .....#
######## #......##.#.#
....#####......##J......##.#.#
#.###.##.......#@# #.#.#
#.###.'........#.# #.#.#
#.##))'........#)# #.#.####
#....))).....#'#.# #.......
#####.##.....#.#.# #...###.
#####....#.#.# #...# #.
##########.## #.### #. #.####
### #.# #. #.##.# ########
#### #.


You could see a large slime creature.

Vanquished Creatures
  A slime creature (D:6)
  An orc warrior (D:7)
  2 black bears
  A sky beast (D:6)
  An ogre (D:5)
  3 kobold brigands (D:6)
  A bullfrog (D:6)
  4 jellies
  3 hounds
  An orc priest (D:6)
  2 gnoll boudas (D:5)
  An iguana (D:5)
  A sleepcap (D:5)
  An orc wizard (D:5)
  Robin (D:3)
  8 adders
  5 gnolls (D:5)
  A white imp (D:6)
  An ufetubus (D:6)
  2 worms (D:4)
  8 dart slugs
  13 orcs
  8 ball pythons
  7 bats
  7 endoplasms
  4 giant cockroaches
  16 goblins
  11 hobgoblins
  4 quokkas
  3 frilled lizards
  11 kobolds
  13 rats
146 creatures vanquished.

Vanquished Creatures (others)
  5 fungi (D:6)
  12 toadstools (D:6)
17 creatures vanquished.

Grand Total: 163 creatures vanquished

Notes
Turn   | Place    | Note
-------+----------+-------------------------------------------
     0 | D:1      | BubbleThief the Barachi Ice Elementalist began the quest
                  | for the Orb.
     0 | D:1      | Reached XP level 1. HP: 13/13 MP: 3/3
    93 | D:1      | Reached skill level 5 in Ice Magic
   219 | D:1      | Reached XP level 2. HP: 19/19 MP: 1/5
   665 | D:1      | Reached XP level 3. HP: 24/24 MP: 5/7
   669 | D:1      | Learned a level 3 spell: Frozen Ramparts
  1488 | D:2      | Reached skill level 6 in Ice Magic
  1596 | D:2      | Reached XP level 4. HP: 30/30 MP: 4/8
  2092 | D:2      | Got Sif Muna's Teachings on the Dragon
  2110 | D:3      | Noticed Robin
  2124 | D:3      | Reached XP level 5. HP: 26/35 MP: 2/10
  2125 | D:3      | Killed Robin
  2318 | D:3      | Learned a level 3 spell: Ozocubu's Armour
  2390 | D:3      | Found a white marble altar of Elyvilon.
  2648 | D:3      | Reached skill level 7 in Ice Magic
  2895 | D:4      | Noticed a black bear
  2904 | D:4      | Killed a black bear
  2905 | D:4      | Reached XP level 6. HP: 36/41 MP: 5/12
  2911 | D:4      | Learned a level 4 spell: Summon Ice Beast
  3659 | D:5      | Entered Level 5 of the Dungeon
  3726 | D:5      | Reached skill level 8 in Ice Magic
  3925 | D:5      | Reached XP level 7. HP: 43/46 MP: 9/13
  4206 | D:5      | Reached skill level 5 in Spellcasting
  4206 | D:5      | Reached skill level 9 in Ice Magic
  4506 | D:6      | You fall into a shaft and drop 1 floor!
  4569 | D:7      | Reached skill level 10 in Ice Magic
  4569 | D:7      | Reached XP level 8. HP: 52/52 MP: 8/16
  4748 | D:6      | Reached skill level 1 in Fighting
  4865 | D:6      | Found a staircase to the Ecumenical Temple.
  4882 | Temple   | Entered the Ecumenical Temple
  5028 | Temple   | Became a worshipper of Vehumet
  5291 | D:6      | Noticed a slime creature
  5295 | D:6      | Noticed a slime creature
  5299 | D:6      | Noticed a slime creature
  5299 | D:6      | Killed a slime creature
  5313 | D:6      | Annihilated by a large slime creature

Illustrated notes

Levels and vault maps discovered:
D:1:      minmay_arrival_radiant_lines, layout_basic, serial_corexii_hall,
          corexii_hall_statues_x, chequers_hall_statues_y,
          minmay_strange_pillars
D:2:      minmay_razor_zed, layout_basic
D:3:      layout_loops_ring, mainiacjoe_overflow_cross_hatched, uniq_robin
D:4:      layout_basic, moated_statue
D:5:      layout_rooms, minmay_between
D:6:      cheibrodos_fertilizer, layout_loops_ring,
          minmay_temple_entry_large_hall
D:7:      layout_basic, nicolae_gozag_seed_capital,
          mainiacjoe_overflow_alcove_4, kennysheep_generic_room_3
Temple:   nicolae_temple_bog_church

Skill      XL: |  1  2  3  4  5  6  7  8 |
---------------+-------------------------+-----
Ice Magic      | 5 6 7 8 10 | 10.0
Spellcasting   | 3 4 5 6 |  6.5
Fighting       | 3 |  3.9
Dodging        | 4 |  4.4
Stealth        | |  1.7

Action                     |  1- 3 |  4- 6 |  7- 9 || total
---------------------------+-------+-------+-------++-------
  Melee: Unarmed           |     5 |       |       ||     5
         Short sword       |    16 |    58 |    64 ||   138
         Dagger            |       |     9 |       ||     9
         Punch             |       |     2 |     1 ||     3
   Cast: Freeze            |    51 |    25 |     7 ||    83
         Frozen Ramparts   |     2 |    13 |    14 ||    29
         Ozocubu's Armour  |       |     2 |     7 ||     9
   Stab: Sleeping          |     1 |     2 |       ||     3
 Armour: Robe              |    13 |    24 |    33 ||    70
  Dodge: Dodged            |    39 |    48 |    44 ||   131

Table legend: (Time is in decaauts)
 A = Elapsed time spent in this place.
 B = Non-inter-level travel time spent in this place.
 C = Inter-level travel time spent in this place.
 D = Time resting spent in this place.
 E = Time spent auto-exploring this place.
 F = Levels seen in this place.
 G = Mean time per level.
                   A        B        C        D        E       F      G
               +--------+--------+--------+--------+--------+-----+--------+
         Total |   6002 |   5825 |    177 |     10 |   4853 |   8 |  750.2 |
       Dungeon |   5805 |   5649 |    156 |     10 |   4706 |   7 |  829.3 |
        Temple |    197 |    176 |     21 |      0 |    147 |   1 |  197.0 |
               +--------+--------+--------+--------+--------+-----+--------+

Top non-repeatable levels by time:
     D:1: 1358 daAuts
     D:2: 997 daAuts
     D:3: 907 daAuts
     D:4: 878 daAuts
     D:5: 857 daAuts
     D:6: 724 daAuts
  Temple: 197 daAuts
     D:7: 80 daAuts
